 Seeded DCSS version 0.31-a0-128-g25add195a6 (webtiles) character file.

Game seed: 2700300885133496189 (custom seed)

11 Pimp the Caller (level 2, 0/15 HPs)
             Began as a Deep Elf Summoner on June 1, 2023.
             Slain by a quokka (3 damage)
             ... on level 1 of the Dungeon.
             The game lasted 00:02:11 (318 turns).

Pimp the Caller (Deep Elf Summoner)                  Turns: 318, Time: 00:02:11

Health: 0/15       AC:  2    Str:  5    XL:     2   Next: 17%
Magic:  7/8        EV: 13    Int: 19    God:
Gold:   0          SH:  0    Dex: 15    Spells: 6/7 levels left

rFire   . . .        c - +0 short sword
rCold   . . .        (no shield)
rNeg    . . .        a - +0 robe
rPois   .            (no helmet)
rElec   .            (no cloak)
rCorr   .            (no gloves)
SInv    .            (no boots)
Will    .....        (no amulet)
Stlth   ++           (no ring)
HPRegen 0.22/turn    (no ring)
MPRegen 0.11/turn

%: no passive effects
@: no status effects
A: no striking features
a: no special abilities


You were on level 1 of the Dungeon.
You visited 1 branch of the dungeon, and saw 1 of its levels.

Inventory:

Hand Weapons
 c - a +0 short sword (weapon)
Armour
 a - a +0 robe (worn)
Potions
 b - a potion of magic


   Skills:
 + Level 2.7 Dodging
 + Level 2.7 Stealth
 + Level 3.2 Spellcasting
 + Level 4.5 Summonings


You had 6 spell levels left.
You knew the following spells:

 Your Spells              Type           Power      Damage    Failure   Level
a - Summon Small Mammal   Summ           80%        N/A       2%          1

Your spell library contained the following spells:

 Spells                   Type           Power      Damage    Failure   Level
 Call Imp                 Summ           40%        N/A       3%          2
 Call Canine Familiar     Summ           20%        N/A       7%          3
 Summon Guardian Golem    Hex/Summ       11%        N/A       17%         3
 Summon Lightning Spire   Summ/Air       11%        N/A       50%         4


Dungeon Overview and Level Annotations

Branches:
Dungeon (1/15)

Altars:


Message History

Casting: Summon Small Mammal (safe; 2% risk of failure)
Confirm with . or Enter, or press ? or * to list all spells.
Casting: Summon Small Mammal (safe; 2% risk of failure)
Confirm with . or Enter, or press ? or * to list all spells.
Your rat disappears in a puff of smoke!
Things that are here:
a +0 short sword; a stone
There is an open door here.
You start resting.
Magic restored.
You start resting.
A quokka is nearby!
A quokka is nearby!
Unknown command.
You swap places.
Your rat bites the quokka.
A quokka is nearby!
Your rat disappears in a puff of smoke!
The quokka bites you.
There is an open door here.
You barely miss the quokka. Your punch misses the quokka.
The quokka is heavily wounded.
You hit the quokka.
The quokka is severely wounded.
The quokka bites you.
* * * LOW HITPOINT WARNING * * *
You swap places.
Your quokka misses the quokka.
The quokka bites your quokka but does no damage.
Your quokka closely misses the quokka.
The quokka bites your quokka.
Your quokka closely misses the quokka.
Casting: Summon Small Mammal (safe; 2% risk of failure)
Confirm with . or Enter, or press ? or * to list all spells.
The quokka barely misses your quokka.
Your quokka bites the quokka.
The quokka misses your quokka.
Your quokka bites the quokka.
The quokka closely misses your quokka.
Your quokka misses the quokka. The quokka closely misses your quokka.
Your quokka closely misses the quokka.
The quokka barely misses your quokka.
You swap places.
Your quokka barely misses the quokka.
The quokka misses your quokka.
You swap places.
The quokka bites you.
You die...

. #.....### ........# ..
#........ #......+ ...#####.....#
#.....# .............# # #.†#
.......†.....# #.##..#
.............### #...#†####
###......###.)'##########+.....##
.........# ####r≈≈§≈≈≈≈§§#..##.g#
.........# #≈@r§.....§#.####..
....#....# #§r⌠≈≈≈≈⌠.§#. #####
....#...## #≈.§§≈§≈≈.≈## #....
... #.#.# #§.§§##≈≈.§# #.### ..
#.#.# #≈.§≈##§≈.≈# #.###
#≈.≈≈≈§≈≈§≈# #....
#≈.⌠≈≈§§⌠.§####....
#≈....§§.§§#.......
##.≈≈§§≈≈≈≈.#.......


You could see a quokka (ally target) and 2 friendly quokkas.

Vanquished Creatures
  An endoplasm (D:1)
  A giant cockroach (D:1)
  A hobgoblin (D:1)
  2 kobolds (D:1)
5 creatures vanquished.

Vanquished Creatures (collateral kills)
  A bat (D:1)
  A goblin (D:1)
  A hobgoblin (D:1)
  A ball python (D:1)
  A rat (D:1)
5 creatures vanquished.

Grand Total: 10 creatures vanquished

Notes
Turn   | Place    | Note
-------+----------+-------------------------------------------
     0 | D:1      | Pimp the Deep Elf Summoner began the quest for the Orb.
     0 | D:1      | Reached XP level 1. HP: 10/10 MP: 6/6
   175 | D:1      | Reached XP level 2. HP: 5/15 MP: 5/8
   318 | D:1      | Slain by a quokka

Illustrated notes

Levels and vault maps discovered:
D:1:      sevenhm_arrival_forest_fort_small_4, layout_basic,
          kennysheep_pointless_box, minmay_misc_feat_x

Action                     || total
---------------------------++-------
  Melee: Unarmed           ||    10
         Short sword       ||    17
   Cast: Summon Small Mamm ||    16
    Use: Scroll            ||     1
   Stab: Distracted        ||     1
 Armour: Robe              ||     7
  Dodge: Dodged            ||    17

Table legend: (Time is in decaauts)
 A = Elapsed time spent in this place.
 B = Non-inter-level travel time spent in this place.
 C = Inter-level travel time spent in this place.
 D = Time resting spent in this place.
 E = Time spent auto-exploring this place.
 F = Levels seen in this place.
 G = Mean time per level.
                   A        B        C        D        E       F      G
               +--------+--------+--------+--------+--------+-----+--------+
         Total |    321 |    314 |      7 |     58 |    115 |   1 |  321.0 |
       Dungeon |    321 |    314 |      7 |     58 |    115 |   1 |  321.0 |
               +--------+--------+--------+--------+--------+-----+--------+

Top non-repeatable levels by time:
     D:1: 321 daAuts
